 Dungeon Crawl Stone Soup version 0.26.1-11-gd32895ea62 (webtiles) character file.

Game seed: 1783501630358405829

93 Zeld the Changer (level 4, 0/29 HPs)
             Began as an Octopode Transmuter on May 27, 2021.
             Slain by a bat (1 damage)
             ... summoned by Eustachio
             ... on level 4 of the Dungeon.
             The game lasted 00:01:17 (864 turns).

Zeld the Changer (Octopode Transmuter)               Turns: 864, Time: 00:01:18

Health: 0/29       AC:  1    Str: 10    XL:     4   Next: 61%
Magic:  8/8        EV: 14    Int: 15    God:
Gold:   105        SH:  0    Dex: 12    Spells: 2/8 levels left

rFire    . . .     SeeInvis .     - Unarmed
rCold    . . .     Faith    .   (no shield)
rNeg     . . .     Spirit   .   (helmet restricted)
rPois    .         Reflect  .   (no amulet)
rElec    .         Harm     .   (no ring)
rCorr    .         Rampage  .   (no ring)
Will     .....                  (no ring)
Stlth    ++........             (no ring)
HPRegen  0.09/turn              (no ring)
MPRegen  0.11/turn              (no ring)
                                (no ring)
                                (no ring)

@: no status effects
A: almost no armour, stealthy swim, amphibious, 8 rings, constrict 8, camouflage
1, gelatinous body 1
a: no special abilities


You were on level 4 of the Dungeon.
You visited 1 branch of the dungeon, and saw 4 of its levels.

You collected 105 gold pieces.

Inventory:

Scrolls
 a - 3 scrolls of enchant weapon {unknown}
 b - 4 scrolls of identify {unknown}
 d - a scroll of amnesia {unknown}
Potions
 c - a potion of heal wounds {unknown}


   Skills:
 + Level 1.8 Fighting
 + Level 2.6 Dodging
 - Level 3.0 Unarmed Combat
 * Level 2.9 Spellcasting
 * Level 3.1 Transmutations


You had 2 spell levels left.
You knew the following spells:

 Your Spells              Type           Power        Failure   Level
a - Beastly Appendage     Tmut           22%          5%          1
b - Wereblood             Tmut           11%          9%          2
c - Spider Form           Tmut/Pois      3%           32%         3

Your spell library contained the following spells:

 Spells                   Type           Power        Failure   Level
 Ice Form                 Ice/Tmut       6%           71%         4
 Blade Hands              Tmut           5%           83%         5


Dungeon Overview and Level Annotations

Branches:
Dungeon (4/15)
 Temple: D:4-7

Altars:

Shops:
D:4 (

Annotations:
D:4 Eustachio


Innate Abilities, Weirdness & Mutations

You cannot wear most types of armour.
You are very stealthy in the water. (Stealth+)
You are amphibious.
You can wear up to eight rings at the same time.
You can use your tentacles to constrict eight enemies at once.
Your skin changes colour to match your surroundings (Stealth+).
Your rubbery body absorbs attacks. (AC +1, EV +1)


Message History

* * * LOW HITPOINT WARNING * * *
The bat hits you but does no damage.
Eustachio gestures wildly while chanting.
The quokka barely misses you.
The bat disappears in a puff of smoke!
The shadow imp disappears in a puff of smoke!
The shadow imp disappears in a puff of smoke!
The crimson imp disappears in a puff of smoke!
The bat misses you. The bat hits you.
* * * LOW HITPOINT WARNING * * *
The bat closely misses you. The bat hits you.
* * * LOW HITPOINT WARNING * * *
The quokka bites you.
* * * LOW HITPOINT WARNING * * *
The bat hits you.
* * * LOW HITPOINT WARNING * * *
The bat hits you.
You die...

########## ######## ######
.........# #......# #.....
.........# #...[..# #.....
.).......# #......# #.....
.........# #......# #####.....
....<....# #......# #...#.....
.........# #......#####...#.....
.......### #...@.......#...#####
.......# #...br......#...#
......)# #.......)...#####
.......# #......r....# .......#
#...........# .......#
#.>......@..# .......#
#.........r.#####
......)######...............#####
..#####......###########.........


You could see Eustachio, 2 river rats, a quokka (summoned) and a bat (summoned).

Vanquished Creatures
  A hound (D:3)
  Terence (D:3)
  An adder (D:3)
  2 worms
  3 orcs
  3 goblins
  2 hobgoblins
  A jackal (D:1)
  2 kobolds (D:1)
  5 bats
  A frilled lizard (D:3)
  A rat (D:3)
23 creatures vanquished.

Notes
Turn   | Place    | Note
-------+----------+-------------------------------------------
     0 | D:1      | Zeld the Octopode Transmuter began the quest for the Orb.
     0 | D:1      | Reached XP level 1. HP: 13/13 MP: 3/3
    60 | D:1      | Reached XP level 2. HP: 18/18 MP: 5/5
   137 | D:1      | Learned a level 2 spell: Wereblood
   205 | D:2      | Noticed Terence
   228 | D:3      | Killed Terence
   229 | D:3      | Reached XP level 3. HP: 22/23 MP: 4/6
   234 | D:3      | Learned a level 3 spell: Spider Form
   264 | D:3      | Reached XP level 4. HP: 8/29 MP: 6/8
   833 | D:4      | Noticed Eustachio
   835 | D:4      | Found Besuech's Antique Weapon Shop.
   863 | D:4      | HP: 1/29 [bat[Eustachio] (1)]
   864 | D:4      | Slain by a bat

Illustrated notes

Levels and vault maps discovered:
D:1:      tarquinn_simple_flora_water_d, layout_basic, minmay_octomino_j4
D:2:      layout_loops_cross, gammafunk_temple_overflow_claw, uniq_terence,
          uniq_robin
D:3:      layout_basic
D:4:      layout_gridville, minmay_temple_entry_proselytizer, serial_shops,
          shop, minmay_shop_grid_forest, minmay_quadrilaterals, uniq_natasha,
          uniq_eustachio, uniq_duvessa

Skill      XL: |  1  2  3  4 |
---------------+-------------+-----
Transmutations | 3 |  3.1
Fighting       | |  1.8
Dodging        | |  2.6
Unarmed Combat | |  3.0
Spellcasting   | |  2.9

Action                   |  1- 3 |  4- 6 || total
-------------------------+-------+-------++-------
Melee: Unarmed           |    28 |    36 ||    64
       Constrict         |     8 |     9 ||    17
       Tentacles         |     7 |     4 ||    11
       Punch             |     1 |     2 ||     3
       Kick              |     3 |    10 ||    13
 Cast: Beastly Appendage |     4 |     5 ||     9
 Stab: Sleeping          |     1 |       ||     1
Armor: Skin              |     3 |     4 ||     7
Dodge: Dodged            |    24 |    28 ||    52
